[Event "49° Campionato Italiano Assoluto ASCID"]
[Site "Rivabella (RN)"]
[Date "2022.09.02"]
[Round "6"]
[White "Gamba, Annamaria"]
[Black "Ionata, Lorenzo"]
[Result "0-1"]
[Board "8"]
[WhiteElo "999"]
[BlackElo "999"]
[TimeControl "40/6000+30:1200+30"]
[ECO "B01"]
[Opening "Scandinavian (centre counter) defence"]
[PlyCount "24"]
[EventRounds "7"]
[EventCountry "ITA"]

1. e4 d5 2. c4 dxe4 3. Nc3 Nf6 4. d3 Bf5 5. Bd2 exd3 6. Nf3 Nc6 7. Bf4 e5
8. Nxe5 Nxe5 9. Bxe5 Bc5 10. Qf3 d2+ 11. Ke2 Bc2 12. Qxb7 Qd3# 0-1

[Event "49° Campionato Italiano Assoluto ASCID"]
[Site "Rivabella (RN)"]
[Date "2022.09.02"]
[Round "6"]
[White "Bosetti, Giancarlo"]
[Black "De Fazio, Monica"]
[Result "1/2-1/2"]
[Board "9"]
[WhiteElo "1356"]
[BlackElo "999"]
[TimeControl "40/6000+30:1200+30"]
[ECO "C07"]
[Opening "French"]
[Variation "Tarrasch, open variation"]
[PlyCount "52"]
[EventRounds "7"]
[EventCountry "ITA"]

1. e4 e6 2. d4 d5 3. Nd2 c5 4. c3 Nc6 5. Ngf3 Nf6 6. e5 Ne4 7. Bb5 Bd7 8. O-O Na5 9. Bxd7+ Qxd7 10. Re1 Nxd2 11. Bxd2 Nc4 12. Qc2 Be7 13. b3 Na3 14. Qb2 cxd4 15. cxd4 Rc8 16. Rac1 O-O 17. Rxc8 Rxc8 18. Rc1 h6 19. h3 a6 20. Rxc8+ Qxc8 21. Qc3 Qc6 22. Qxc6 bxc6 23. Ne1 Nb5 24. Nd3 Nxd4 25. Bb4 Ne2+ 26. Kf1 Bxb4 1/2-1/2

[Event "49° Campionato Italiano Assoluto ASCID"]
[Site "Rivabella (RN)"]
[Date "2022.09.02"]
[Round "6"]
[White "Trapletti, Cosetta"]
[Black "Balsamo, Selida"]
[Result "1-0"]
[Board "10"]
[WhiteElo "1245"]
[BlackElo "999"]
[TimeControl "40/6000+30:1200+30"]
[ECO "A41"]
[Opening "Queen's pawn"]
[PlyCount "38"]
[EventRounds "7"]
[EventCountry "ITA"]

1. d4 d6 2. Bf4 c5 3. e3 cxd4 4. exd4 Nd7 5. Bd3 e5 6. dxe5 dxe5 7. Be3 Bc5
8. Nf3 Bxe3 9. fxe3 Ngf6 10. c4 e4 11. Be2 exf3 12. gxf3 O-O 13. O-O Qe7
14. Qe1 Ne5 15. Nc3 Nxc4 16. b3 Nxe3 17. Rf2 Bg4 18. h3 Bxf3 19. Rxf3 Nc2 1-0

[Event "49° Campionato Italiano Assoluto ASCID"]
[Site "Rivabella (RN)"]
[Date "2022.09.03"]
[Round "7"]
[White "Zenini, Simone"]
[Black "Casadei, Marco"]
[Result "0-1"]
[Board "1"]
[WhiteElo "1411"]
[BlackElo "1997"]
[TimeControl "40/6000+30:1200+30"]
[ECO "E92"]
[Opening "King's Indian"]
[Variation "Petrosian system, Stein variation"]
[PlyCount "62"]
[EventRounds "7"]
[EventCountry "ITA"]

1. d4 Nf6 2. c4 g6 3. Nc3 Bg7 4. e4 d6 5. Nf3 O-O 6. Be2 e5 7. d5 a5 8. Be3
Ng4 9. Bg5 f6 10. Bd2 f5 11. h3 Nf6 12. O-O Na6 13. Qc2 Nc5 14. Bd3 Nfxe4
15. Nxe4 fxe4 16. Bxe4 Nxe4 17. Qxe4 Bf5 18. Qe2 e4 19. Nh2 Bxb2 20. Rae1
Bg7 21. Ng4 Re8 22. Nh6+ Bxh6 23. Bxh6 Qh4 24. Qe3 Qf6 25. Bg5 Qf7 26. Qc3
c6 27. Qd4 cxd5 28. cxd5 Re5 29. Rd1 Bxh3 30. gxh3 Rxg5+ 31. Kh1 Qf3+ 0-1

[Event "49° Campionato Italiano Assoluto ASCID"]
[Site "Rivabella (RN)"]
[Date "2022.09.03"]
[Round "7"]
[White "Poli, Diego"]
[Black "Kowalczyk, Martin"]
[Result "0-1"]
[Board "2"]
[WhiteElo "1665"]
[BlackElo "1872"]
[TimeControl "40/6000+30:1200+30"]
[ECO "A45"]
[Opening "Queen's pawn game"]
[PlyCount "61"]
[EventRounds "7"]
[EventCountry "ITA"]

1. d4 Nf6 2. Bf4 e6 3. e3 c5 4. c3 d5 5. Bd3 Nc6 6. Nd2 Bd6 7. Bxd6 Qxd6 8. Ngf3 
O-O 9. O-O e5 10. dxe5 Nxe5 11. Nxe5 Qxe5 12. h3 b6 13. Qf3 Be6 14. Qg3 Qxg3 15. 
fxg3 Rfe8 16. Rfe1 Rad8 17. Bb5 Bd7 18. a4 a6 19. Bxd7 Rxd7 20. Kf2 Re6 21. Re2 
Rde7 22. Rae1 Ne4+ 23. Nxe4 Rxe4 24. b3 f5 25. Rd1 R7e5 26. Rd3 Kf7 27. Red2 Ke6 
28. h4 h5 29. b4 cxb4 30. cxb4 Rxb4 31. Rxd5 0-1

[Event "49° Campionato Italiano Assoluto ASCID"]
[Site "Rivabella (RN)"]
[Date "2022.09.03"]
[Round "7"]
[White "Vrioni, Bersan"]
[Black "Pezzolato, Erica"]
[Result "1-0"]
[Board "3"]
[WhiteElo "1925"]
[BlackElo "1462"]
[TimeControl "40/6000+30:1200+30"]
[ECO "B00"]
[Opening "King's pawn opening"]
[PlyCount "73"]
[EventRounds "7"]
[EventCountry "ITA"]

1. e4 d6 2. Bc4 Nf6 3. d3 g6 4. f4 Bg7 5. Nf3 O-O 6. Nc3 e6 7. Bb3 Nbd7 8.
a3 Nc5 9. Ba2 a5 10. O-O Bd7 11. Qe1 b5 12. d4 Nb7 13. f5 exf5 14. Bg5 Qc8
15. Qh4 Nxe4 16. Nxe4 fxe4 17. Qxe4 Be6 18. Bxe6 fxe6 19. Rae1 Re8 20. Qh4
Qd7 21. Nd2 Rf8 22. Bf6 Bxf6 23. Rxf6 Rxf6 24. Qxf6 Re8 25. Ne4 Qg7 26. Qf2
Rf8 27. Qe3 Nd8 28. Ng5 Rf6 29. Qb3 Qd7 30. Re3 c6 31. Rh3 h5 32. Ne4 Rf4
33. Qe3 Rf8 34. Qg5 Qg7 35. c3 Nf7 36. Qe7 Nd8 37. Qxd6 1-0

[Event "49° Campionato Italiano Assoluto ASCID"]
[Site "Rivabella (RN)"]
[Date "2022.09.03"]
[Round "7"]
[White "Badano, Giancarlo"]
[Black "Soppelsa, Maurizio"]
[Result "1-0"]
[Board "4"]
[WhiteElo "1729"]
[BlackElo "1617"]
[TimeControl "40/6000+30:1200+30"]
[ECO "B13"]
[Opening "Caro-Kann"]
[Variation "exchange variation"]
[PlyCount "95"]
[EventRounds "7"]
[EventCountry "ITA"]

1. e4 c6 2. d4 d5 3. exd5 cxd5 4. Bd3 Nc6 5. c3 e5 6. dxe5 Nxe5 7. Bb5+ Nc6 8.
Nf3 Nf6 9. O-O Be7 10. Re1 O-O 11. Be3 a6 12. Bd3 Bg4 13. Nbd2 Ne5 14. Be2
Nxf3+ 15. Nxf3 Qc7 16. h3 Bh5 17. Qd4 Rfd8 18. Rad1 Rac8 19. Qb6 Qxb6 20. Bxb6
Rd7 21. Ne5 Rd6 22. Bd4 Bxe2 23. Rxe2 Re6 24. Red2 Bc5 25. Nf3 Bxd4 26. Nxd4
Ree8 27. Nf5 Rcd8 28. Kf1 Kf8 29. c4 g6 30. Ne3 Rd7 31. Nxd5 Nxd5 32. Rxd5 Rc7
33. b3 Rce7 34. Rd8 Re1+ 35. Rxe1 Rxd8 36. Ke2 Re8+ 37. Kd2 Rxe1 38. Kxe1 Ke7
39. Kd2 Kd6 40. b4 b6 41. Ke3 Ke5 42. f4+ Kd6 43. Kd4 f6 44. g4 h6 45. c5+
bxc5+ 46. bxc5+ Kc6 47. a4 h5 48. f5 1-0

[Event "49° Campionato Italiano Assoluto ASCID"]
[Site "Rivabella (RN)"]
[Date "2022.09.03"]
[Round "7"]
[White "Caputi, Giuliano"]
[Black "Delmonte, Davide"]
[Result "1-0"]
[Board "5"]
[WhiteElo "1732"]
[BlackElo "1132"]
[TimeControl "40/6000+30:1200+30"]
[ECO "B09"]
[Opening "Pirc"]
[Variation "Austrian attack, Ljubojevic variation"]
[PlyCount "67"]
[EventRounds "7"]
[EventCountry "ITA"]

1. e4 d6 2. d4 Nf6 3. Nc3 g6 4. f4 Bg7 5. Bc4 Nc6 6. Nf3 Bg4 7. O-O O-O 8. Be3 Bxf3 9. Qxf3 Qd7 10. h3 Na5 11. Bb5 c6 12. Bd3 b5 13. Rad1 Nc4 14. Bc1 Rad8 15. e5 Nd5 16. Nxd5 cxd5 17. Qxd5 dxe5 18. Qxd7 Rxd7 19. dxe5 Re8 20. Bxc4 bxc4 21. Rxd7 f6 22. e6 f5 23. c3 a5 24. Be3 a4 25. Bc5 h5 26. h4 Kh7 27. Bxe7 g5 28. Bf6 Rg8 29. fxg5 Kg6 30. Rf7 a3 31. Bxg7 axb2 32. Bh6 b1=Q 33. Rxb1 Rg7 34. Rxg7# 1-0

[Event "49° Campionato Italiano Assoluto ASCID"]
[Site "Rivabella (RN)"]
[Date "2022.09.03"]
[Round "7"]
[White "Ionata, Lorenzo"]
[Black "Vilone, Gennaro"]
[Result "0-1"]
[Board "6"]
[WhiteElo "999"]
[BlackElo "1249"]
[TimeControl "40/6000+30:1200+30"]
[ECO "D10"]
[Opening "QGD Slav defence"]
[PlyCount "78"]
[EventRounds "7"]
[EventCountry "ITA"]

1. d4 d5 2. c4 c6 3. Nc3 Bf5 4. Bf4 e6 5. Nf3 Bb4 6. Qb3 Bxc3+ 7. bxc3 Qa5
8. Rc1 Qb6 9. Qa3 Qa6 10. Qxa6 Nxa6 11. Rb1 Bxb1 12. Ne5 Bxa2 13. e3 Nf6
14. Bd3 Ne4 15. Bxe4 dxe4 16. O-O O-O 17. Ra1 Bb3 18. f3 exf3 19. Nxf3 Bxc4
20. Ne5 Bd5 21. Rf1 Nc7 22. Nd7 Rfc8 23. Be5 f6 24. Nxf6+ gxf6 25. Rxf6 Nb5
26. Rf4 Nxc3 27. Rg4+ Kf7 28. Rg7+ Ke8 29. Rxh7 c5 30. g4 cxd4 31. exd4 Ne4
32. h4 Rc1+ 33. Kh2 Rac8 34. Rh8+ Kd7 35. Bf4 Rxh8 36. Bxc1 Rxh4+ 37. Kg2
Nf6+ 38. Kg3 Rxg4+ 39. Kh3 Rxd4 0-1

[Event "49° Campionato Italiano Assoluto ASCID"]
[Site "Rivabella (RN)"]
[Date "2022.09.03"]
[Round "7"]
[White "Bellati, Fabio"]
[Black "Bosetti, Giancarlo"]
[Result "1/2-1/2"]
[Board "8"]
[WhiteElo "999"]
[BlackElo "1356"]
[TimeControl "40/6000+30:1200+30"]
[ECO "A10"]
[Opening "English opening"]
[PlyCount "39"]
[EventRounds "7"]
[EventCountry "ITA"]

1. c4 d5 2. cxd5 Qxd5 3. Nc3 Qd7 4. e4 e6 5. Nf3 Nf6 6. Bb5 c6 7. Ba4 Qc7
8. O-O Be7 9. d4 O-O 10. Bc2 Nbd7 11. Qd3 e5 12. Be3 Bd6 13. a4 Re8 14. b4
Bxb4 15. dxe5 Nxe5 16. Nxe5 Bxc3 17. Qxc3 Qxe5 18. Bd4 Qg5 19. Bxf6 Qxf6
20. Qxf6 1/2-1/2

[Event "49° Campionato Italiano Assoluto ASCID"]
[Site "Rivabella (RN)"]
[Date "2022.09.03"]
[Round "7"]
[White "De Fazio, Monica"]
[Black "Trapletti, Cosetta"]
[Result "1-0"]
[Board "9"]
[WhiteElo "999"]
[BlackElo "1245"]
[TimeControl "40/6000+30:1200+30"]
[ECO "D20"]
[Opening "QGA"]
[Variation "3.e4"]
[PlyCount "87"]
[EventRounds "7"]
[EventCountry "ITA"]

1. d4 d5 2. c4 dxc4 3. e4 e6 4. Nc3 b5 5. Nxb5 Nc6 6. Bxc4 Bb4+ 7. Bd2 h6 8. Nf3 Nf6 9. Qc2 a6 10. Nc3 Nxd4 11. Qa4+ Nd7 12. Nxd4 Qe7 13. Nc6 Qd6 14. Nxb4 Bb7 15. Bd3 O-O 16. O-O Nc5 17. Qc2 a5 18. Nb5 Qb6 19. Be3 axb4 20. Bxc5 Qc6 21. Bxf8 Rxf8 22. Rac1 Qd7 23. Qxc7 Qxd3 24. Qxb7 b3 25. Rc3 Qd8 26. axb3 Kh7 27. Qc7 Qe8 28. Nd6 Qd8 29. Nxf7 Kg6 30. Ne5+ Kf6 31. Nd7+ Ke7 32. Nxf8+ Qxc7 33. Rxc7+ Kxf8 34. Rc8+ Ke7 35. Rfc1 Kd7 36. b4 Kd6 37. b5 Ke5 38. b6 Kxe4 39. b7 Kf5 40. b8=Q g5 41. R8c5+ Kf6 42. Qf8+ Kg6 43. Re1 g4 44. Rxe6+ 1-0